 Dungeon Crawl Stone Soup version 0.29.1-15-g9cfb28693d (webtiles) character file.

Game seed: 13438172569181575993

19801 CatalinOSBI the Severer (level 12, -20/108 (113) HPs)
             Began as a Minotaur Berserker on Apr 6, 2023.
             Was an Elder of Trog.
             Demolished by an orc knight
             ... wielding a +0 great sword of venom
              (25 damage)
             ... on level 2 of the Orcish Mines.
             The game lasted 00:46:24 (13365 turns).

CatalinOSBI the Severer (Minotaur Berserker)       Turns: 13365, Time: 00:46:25

HP:   -20/108 (113) AC: 24    Str: 30    XL:     12   Next: 39%
MP:   11/11         EV:  8    Int:  3    God:    Trog [****..]
Gold: 787           SH: 12    Dex: 12    Spells: 11/11 levels left

rFire   . . .      SeeInvis .   x - +5 hand axe
rCold   + + .      Faith    .   j - +1 kite shield {AC+3}
rNeg    . . .      Spirit   .   B - +2 chain mail {rC+}
rPois   +          Reflect  .   (helmet restricted)
rElec   +          Harm     .   i - +0 cloak
rCorr   .          Rampage  .   q - +2 pair of gloves
Will    ++...                   t - +1 pair of boots
Stlth   ..........              r - amulet "Fewalet" {Regen+ Dex+2}
HPRegen 2.08/turn               d - ring of protection from cold
MPRegen 0.12/turn               k - ring of poison resistance

@: lethally poisoned (-20 -> -21), about to teleport, strong-willed,
regenerating, studying Fighting, lightly drained
A: horns 2, retaliatory headbutt, electricity resistance, strong 1
a: Renounce Religion, Berserk, Trog's Hand, Brothers in Arms


You were on level 2 of the Orcish Mines.
You worshipped Trog.
Trog was greatly pleased with you.
You visited 2 branches of the dungeon, and saw 12 of its levels.

You collected 1358 gold pieces.
You spent 571 gold pieces at shops.

Inventory:

Hand Weapons
 a - a +1 hand axe
 b - a +2 antimagic battleaxe
 l - the +8 sling of Armageddon {venom, Fly rC++ rN+ Int-2}
   (You found it on level 5 of the Dungeon)

   Any ammunition fired from it poisons the flesh of those it strikes.
   Int:       It affects your intelligence (-2).
   rC:        It greatly protects you from cold.
   rN:        It protects you from negative energy.
   Fly:       It grants you flight.
 s - a +0 war axe
 x - a +5 hand axe (weapon)
 I - a -1 demon whip of venom
Missiles
 F - 4 throwing nets (quivered)
Armour
 g - a +0 chain mail
 i - a +0 cloak (worn)
 j - a +1 kite shield of protection (worn)
 q - a +2 pair of gloves (worn)
 t - a +1 pair of boots (worn)
 B - a +2 chain mail of cold resistance (worn)
Jewellery
 d - a ring of protection from cold (left hand)
 k - a ring of poison resistance (right hand)
 m - a ring of positive energy
 r - the amulet "Fewalet" (around neck) {Regen+ Dex+2}
   (You found it on level 5 of the Dungeon)

   [amulet of regeneration]

   Dex:       It affects your dexterity (+2).
   Regen:     It increases your rate of health regeneration.
Wands
 c - a wand of acid (7)
 n - a wand of flame (8)
Scrolls
 e - a scroll of silence
 f - a scroll of teleportation
 o - 5 scrolls of enchant armour
 p - 4 scrolls of enchant weapon
 u - 3 scrolls of magic mapping
 y - 2 scrolls of poison
 A - 2 scrolls of fog
Potions
 h - 3 potions of resistance
 w - 5 potions of flight
 z - a potion of magic
 E - a potion of ambrosia


   Skills:
 + Level 12.6 Fighting
 * Level 15.4 Axes
 + Level 11.0 Armour
 - Level 2.1 Dodging
 * Level 11.1 Shields
 + Level 4.2 Evocations


You had 11 spell levels left.
You didn't know any spells.
Your spell library was empty.

Dungeon Overview and Level Annotations

Branches:
Dungeon (10/15)            Temple (0/1) D:4             Orc (2/2) D:9
    Elf (0/3) Orc:2
   Lair: D:8-11

Altars:
Cheibriados
Gozag
Makhleb
Okawaru

Shops:
D:7 [   D:8 :   Orc:2 ??


Innate Abilities, Weirdness & Mutations

You have a pair of horns on your head.
You reflexively headbutt those who attack you in melee.
You are resistant to electric shocks. (rElec)
Your muscles are strong. (Str +4, Int/Dex -1)


Message History

You kill the orc priest!
Trog accepts your kill.
You hit the orc knight but do no damage.
You barely miss the hellwing.
You feel very sick. You block the hellwing's attack.
The hellwing barely misses you.
The orc knight hits you with a +0 great sword of venom.
Your skin crawls.
You feel strong-willed.
You feel very sick. The hellwing barely misses you. You furiously retaliate!
You headbutt the hellwing!
The hellwing hits you but does no damage.
An orc knight comes into view. It is wielding a +0 long sword.
The orc knight hits you with a +0 great sword of venom!
The orc sorcerer gestures at you while chanting.
The bolt of negative energy hits the hellwing.
The hellwing completely resists.
The bolt of negative energy hits you!!
You feel drained.
* * * LOW HITPOINT WARNING * * *
The hellwing gives a chilling moan.
Okay, then.
As you read the scroll of teleportation, it crumbles to dust.
You feel strangely unstable.
You feel very sick.
You hear a shout! x2
The hellwing barely misses you. You furiously retaliate!
You headbutt the hellwing. You block the hellwing's attack.
You block the orc knight's attack.
You feel very sick.
The hellwing swoops through the air toward you!
The hellwing hits you but does no damage.
You block the hellwing's attack.
The orc knight roars a battlecry!
The orc knight goes into a battle-frenzy!
The orc sorcerer casts a spell.
You feel sick.
The red devil hits you but does no damage.
The orc knight hits you with a +0 great sword of venom!!
You die...

...######...## ##.###.......)...
....#.####...####...###.#..))))..
.......# ##...##.....####..#)....
.......# ##))###...<..#....##)...
...#...###.)#####..........#.#...
..#######..###.###...............
.## ##..###.))###.#........#...
..# ##..###.#)#4###...#......###
.## ##..###...#)@.###........##..
..###..###...###.oo###...........
.###..###...## ##4o)###.......#..
###.....)..## ##...###......###
##....#...## ##4..###..#.## #
#...#....## #.#.###.[##
∩.#.....## ....####)## ....#..##
.....# #..# ∩.#.....##
....####.##


You could see 2 orc knights, a hellwing, an orc sorcerer (strong) and 2 red
devils.

Vanquished Creatures
  An orc warlord (D:9)
  The ghost of daba11 the Cleaver, a journeyman MiFi of Makhleb (Orc:2)
  Erica (D:8)
  A two-headed ogre (D:9)
  2 orc high priests
  Amaemon (D:9)
  A deep elf archer (Orc:1)
  A deep elf zephyrmancer (Orc:1)
  3 orc sorcerers
  A deep elf pyromancer (D:9)
  4 orc knights
  Maurice (D:8)
  2 orange demons
  Psyche (D:8)
  2 ice devils (Orc:2)
  Prince Ribbit (D:7)
  A troll (Orc:2)
  A hornet (D:9)
  2 wyverns
  A steam dragon (D:7)
  6 wargs
  An acid dragon (D:9)
  4 water moccasins
  Duvessa (D:4)
  An ice beast (D:5)
  26 orc warriors
  3 black bears
  5 ogres
  4 centaurs
  A phantom (D:4)
  3 kobold brigands
  Blork the orc (D:6)
  5 bullfrogs
  2 gnoll sergeants
  A scorpion (D:5)
  5 wights (D:6)
  Dowan (D:4)
  6 killer bees (D:9)
  7 howler monkeys
  6 electric eels (D:9)
  4 hounds
  A jelly (D:5)
  29 orc priests
  4 iguanas
  7 orc wizards
  Natasha (thrice) (D:2)
  Robin (D:2)
  12 adders
  9 gnolls
  3 shadow imps
  A dart slug (D:1)
  62 orcs
  3 bats
  10 endoplasms
  4 giant cockroaches
  17 goblins
  15 hobgoblins
  18 kobolds
  3 quokkas
  3 ball pythons (D:1)
  2 frilled lizards (D:3)
  10 rats
339 creatures vanquished.

Vanquished Creatures (others)
  2 kobolds (D:9)
  25 plants (D:9)
27 creatures vanquished.

Grand Total: 366 creatures vanquished

Notes
Turn   | Place    | Note
-------+----------+-------------------------------------------
     0 | D:1      | CatalinOSBI the Minotaur Berserker began the quest for the
                  | Orb.
     0 | D:1      | Reached XP level 1. HP: 19/19 MP: 0/0
   254 | D:1      | Reached skill level 4 in Axes
   258 | D:1      | Reached XP level 2. HP: 20/27 MP: 1/1
   984 | D:1      | Found a faded altar of an unknown god.
  1261 | D:1      | Gained mutation: Your muscles are strong. (Str +4, Int/Dex
                  | -1) [potion of mutation]
  1261 | D:1      | Gained mutation: You are resistant to electric shocks.
                  | (rElec) [potion of mutation]
  1335 | D:2      | Reached XP level 3. HP: 14/33 MP: 2/2
  1342 | D:2      | HP: 1/33 [poisoned by an adder]
  1655 | D:2      | Noticed Natasha
  1661 | D:2      | Killed Natasha
  1801 | D:2      | Reached XP level 4. HP: 40/41 MP: 3/3
  1924 | D:2      | Noticed Robin
  1925 | D:2      | Reached ** piety under Trog
  1926 | D:2      | Reached skill level 5 in Axes
  1940 | D:2      | Killed Robin
  2310 | D:2      | Noticed Natasha
  2319 | D:2      | Killed Natasha
  2320 | D:2      | Reached XP level 5. HP: 41/47 MP: 4/4
  2493 | D:2      | Noticed Natasha
  2502 | D:2      | Killed Natasha
  3698 | D:3      | Found a snail-covered altar of Cheibriados.
  3780 | D:3      | Found an iron altar of Okawaru.
  3784 | D:3      | Reached skill level 6 in Axes
  3907 | D:4      | Noticed a phantom
  3914 | D:4      | Killed a phantom
  3915 | D:4      | Reached skill level 5 in Fighting
  3915 | D:4      | Reached XP level 6. HP: 56/56 MP: 5/5
  3945 | D:4      | Found a staircase to the Ecumenical Temple.
  4128 | D:4      | Noticed a water moccasin
  4132 | D:4      | Killed a water moccasin
  4164 | D:4      | Reached skill level 7 in Axes
  4239 | D:4      | Noticed Dowan
  4240 | D:4      | Noticed Duvessa
  4253 | D:4      | Killed Dowan
  4258 | D:4      | Killed Duvessa
  4259 | D:4      | Reached skill level 5 in Armour
  4259 | D:4      | Reached XP level 7. HP: 46/62 MP: 6/6
  4723 | D:4      | Reached *** piety under Trog
  4838 | D:4      | Reached skill level 1 in Shields
  4842 | D:4      | Reached skill level 8 in Axes
  5387 | D:5      | Entered Level 5 of the Dungeon
  5599 | D:5      | Identified the +8 sling of Armageddon {venom, Fly rC++ rN+
                  | Int-2}
  5966 | D:5      | Reached XP level 8. HP: 62/71 MP: 7/7
  6255 | D:5      | Identified the amulet "Fewalet" {Regen+ Dex+2}
  7164 | D:6      | Reached skill level 9 in Axes
  7426 | D:6      | Noticed Blork the orc
  7440 | D:6      | Killed Blork the orc
  7542 | D:6      | Reached XP level 9. HP: 67/79 MP: 8/8
  7543 | D:6      | Reached skill level 10 in Axes
  7543 | D:6      | Reached skill level 5 in Shields
  7793 | D:7      | Noticed Prince Ribbit
  7816 | D:7      | Killed Prince Ribbit
  8115 | D:7      | Found Nuza's Armour Emporium.
  8131 | D:7      | Bought a +2 chain mail of cold resistance for 215 gold
                  | pieces
  8579 | D:8      | Reached skill level 11 in Axes
  8644 | D:8      | Reached **** piety under Trog
  8668 | D:8      | Noticed Psyche
  8668 | D:8      | Noticed Maurice
  8680 | D:8      | Killed Psyche
  8682 | D:8      | Noticed Erica
  8697 | D:8      | Killed Erica
  8698 | D:8      | Reached XP level 10. HP: 90/90 MP: 9/9
  8717 | D:8      | Killed Maurice
  8725 | D:8      | Reached skill level 12 in Axes
  8796 | D:8      | Found Usmopun's Vocational Training.
  9676 | D:9      | Noticed Amaemon
  9685 | D:9      | Killed Amaemon
  9686 | D:9      | Reached skill level 13 in Axes
  9699 | D:9      | Noticed an orange demon
  9710 | D:9      | Killed an orange demon
  9789 | D:9      | Reached ***** piety under Trog
  9803 | D:9      | Found a staircase to the Orcish Mines.
 10291 | D:9      | Identified a scroll of acquirement
 10291 | D:9      | Acquired a manual of Fighting
 10454 | D:10     | Entered Level 10 of the Dungeon
 10496 | Orc:1    | Entered Level 1 of the Orcish Mines
 10499 | Orc:1    | Noticed an orc sorcerer
 10520 | Orc:1    | Killed an orc sorcerer
 10521 | Orc:1    | Reached skill level 10 in Fighting
 10521 | Orc:1    | Reached XP level 11. HP: 84/99 MP: 10/10
 10522 | Orc:1    | Noticed a deep elf pyromancer
 10524 | Orc:1    | Noticed a deep elf zephyrmancer
 10525 | Orc:1    | Noticed a deep elf archer
 10532 | Orc:1    | Noticed an orc high priest
 10535 | Orc:1    | Killed a deep elf zephyrmancer
 10536 | Orc:1    | Reached skill level 1 in Evocations
 10542 | Orc:1    | Noticed a two-headed ogre
 10546 | Orc:1    | Noticed an orc knight
 10565 | D:9      | Killed a deep elf pyromancer
 10718 | D:9      | Killed an orc knight
 10822 | D:9      | Killed a two-headed ogre
 10822 | D:9      | Received a gift from Trog
 10887 | Orc:1    | Killed an orc high priest
 10897 | Orc:1    | Noticed an orc warlord
 10898 | Orc:1    | Noticed an orc sorcerer
 11080 | D:9      | Killed an orc warlord
 11081 | D:9      | Reached skill level 14 in Axes
 11081 | D:9      | Reached skill level 10 in Armour
 11129 | Orc:1    | Paralysed by an orc sorcerer for 2 turns
 11132 | Orc:1    | Noticed a sixfirhy
 11155 | D:9      | Killed an orc sorcerer
 11409 | Orc:1    | Killed a deep elf archer
 11700 | Orc:2    | Entered Level 2 of the Orcish Mines
 11737 | Orc:2    | Noticed an orc knight
 11759 | Orc:2    | Killed an orc knight
 11931 | Orc:2    | Reached skill level 10 in Shields
 11970 | Orc:2    | Noticed an orc knight
 11980 | Orc:2    | Found a burning altar of Makhleb.
 12348 | Orc:2    | Noticed an orc knight
 12370 | Orc:2    | Killed an orc knight
 12387 | Orc:2    | Received a gift from Trog
 12421 | Orc:2    | Found a staircase to the Elven Halls.
 12609 | Orc:2    | Reached XP level 12. HP: 111/112 MP: 11/11
 12632 | Orc:2    | Found a runed translucent gate.
 12632 | Orc:2    | Found a runed translucent gate.
 12632 | Orc:2    | Found an opulent altar of Gozag.
 12632 | Orc:2    | Found a runed translucent gate.
 12633 | Orc:2    | Noticed daba11's ghost (journeyman MiFi)
 12660 | Orc:2    | Killed daba11's ghost
 12987 | Orc:2    | Found Taquanne's Magic Scroll Shoppe.
 12993 | Orc:2    | Reached skill level 15 in Axes
 13000 | Orc:2    | Found Rika's Magic Scroll Emporium.
 13159 | Orc:2    | Bought a scroll of enchant weapon for 127 gold pieces
 13159 | Orc:2    | Bought a scroll of teleportation for 51 gold pieces
 13159 | Orc:2    | Bought a scroll of teleportation for 51 gold pieces
 13159 | Orc:2    | Bought a scroll of enchant weapon for 127 gold pieces
 13298 | Orc:2    | Noticed an orc high priest
 13334 | Orc:2    | Killed an orc high priest
 13363 | Orc:2    | HP: 5/108 [poisoned by an orc knight]
 13365 | Orc:2    | Demolished by an orc knight

Illustrated notes

Levels and vault maps discovered:
D:1:      dpeg_arrival_simpleton_b, layout_basic,
          hellmonk_ecumenical_altar_inner_sanctum, chequers_jeans
D:2:      layout_loops_corners, st_stairs_10, uniq_natasha, uniq_robin
D:3:      layout_loops_ring, general_overflow_altar, okawaru_altar_gauntlet_db
D:4:      layout_basic, minmay_temple_entry_statues, uniq_duvessa
D:5:      layout_gridville, water_maze_lemuel
D:6:      layout_loops_corners, kennysheep_generic_room_13, uniq_blork_the_orc
D:7:      layout_gridville, serial_shops, nicolae_shop_crystal,
          chequers_serial_rivers_large_b, uniq_prince_ribbit1
D:8:      layout_cave_pools, nicolae_shop_vocational, uniq_psyche, uniq_erica,
          uniq_maurice
D:9:      layout_irregular_city, david_orc_5, serial_bayou, serial_bayou_pond_a,
          serial_bayou_shore_b, serial_bayou_pond_c, serial_bayou_lake_a,
          kennysheep_nub, minmay_misc_feat_room, uniq_amaemon
D:10:     layout_roguey, lair_entry_dummy
Orc:1:    layout_caves, serial_shops, shop, elf_legates
Orc:2:    pf_orc_diabolical, layout_caves, basic_altar, ebering_ghost_gozag,
          nooodl_orcs_dogs

Skill      XL: |  1  2  3  4  5  6  7  8  9 10 11 12 |
---------------+-------------------------------------+-----
Axes           | 4 5 6 7 8 9 11 13 14 15 | 15.4
Fighting       | 4 5 6 7 8 10 11 12 | 12.6
Armour         | 3 4 5 6 8 9 10 11 | 11.0
Shields        | 3 4 6 8 10 11 | 11.1
Evocations     | 3 4 |  4.2
Dodging        | |  2.1

Action                   |  1- 3 |  4- 6 |  7- 9 | 10-12 || total
-------------------------+-------+-------+-------+-------++-------
Melee: Hand axe          |    60 |   149 |   154 |   673 ||  1036
       Headbutt          |    10 |    26 |    39 |   126 ||   201
       Punch             |       |     1 |       |       ||     1
       War axe           |       |       |    73 |       ||    73
 Fire: Sling             |       |       |       |     1 ||     1
Throw: Throwing net      |       |       |       |     3 ||     3
Invok: Berserk           |     1 |     3 |     1 |     7 ||    12
       Trog's Hand       |       |     1 |       |     7 ||     8
  Use: Scroll            |     4 |     3 |     3 |    11 ||    21
       Potion            |     3 |     1 |     3 |     5 ||    12
 Stab: Invisible         |       |       |       |     2 ||     2
Armor: Animal skin       |     5 |       |       |       ||     5
       Ring mail         |     7 |    17 |       |       ||    24
       Chain mail        |       |    29 |   126 |   291 ||   446
Dodge: Dodged            |    30 |    71 |    63 |   161 ||   325
Block: Kite shield       |       |       |   100 |   327 ||   427
